cannibale, neutral female human Archeologist ----- >....| -....|--- ----- ---..|..---- --...-- ---|-%.%..- |..I..---- .| --....%.-- .... .........---.-- |...[...- ---- --......%....- |...{....| |...|........ --....... -----...--- .-|.|------.%..- --...|.. -...|.--..|...|... --.....|-....|........---. ---..-|..........--.... ......|...`..[....|-... ------.........--.. .. --.......-- - ---...--- ---- cannibale the Investigator Experience level: 6 Strength: 10 Dexterity: 11 Constitution: 14 Intelligence: 15 Wisdom: 18 Charisma: 11 Health: 0(35) Energy: 22(22) Def: 7 Gold: 190 Moves: 3804 Dungeon seed: TZ6LidXQ9Els-ziN Game ID: cannibale_1525261400 Your Inventory: Coins $ - 190 gold pieces Weapons a - a +2 bullwhip (weapon in hand) O - 3 +0 daggers (in quiver) Armor e - an uncursed +0 elven mithril-coat (being worn) n - an uncursed +0 fedora (being worn) z - an uncursed +0 pair of iron shoes (being worn) E - an uncursed +0 dwarvish cloak (being worn) Comestibles s - 6 uncursed food rations w - 2 uncursed tripe rations D - an uncursed carrot Scrolls B - an uncursed scroll of remove curse M - an uncursed scroll of enchant armor Rings K - an uncursed ring of protection from shape changers Wands C - a wand of digging (0:2) F - a wand of probing (0:3) Tools d - a tinning kit (0:31) f - an uncursed sack g - an uncursed oil lamp (lit) (0:1004) i - an uncursed stethoscope H - an uncursed credit card P - a blessed brass lantern (0:1164) Gems q - an uncursed touchstone r - an uncursed worthless piece of violet glass y - an uncursed topaz stone J - an uncursed worthless piece of blue glass L - an uncursed worthless piece of black glass N - an uncursed worthless piece of green glass Y - an uncursed worthless piece of red glass Spells and supernatural/magical abilities: Name Level Category Fail Memory x - extra healing 3 healing 100% 99% W - pray for help -- divine ? -- Your skills at the end: Fighting Skills Weapon Skills pick-axe [Basic] whip [Skilled] Spellcasting Skills Final Attributes: You were piously aligned. You were blinded. You were stealthy. You were fast. You are dead. Vanquished creatures: a leprechaun a jaguar a gnome mummy 5 gnome lords a gnomish wizard a floating eye a kitten 8 dwarves a giant bat a werejackal 3 acid blobs 2 hobbits a large kobold 18 gnomes 2 gnome zombies a gecko a jackal 2 foxes 2 kobolds 2 goblins 2 sewer rats 11 grid bugs 3 lichens 3 kobold zombies 8 newts 82 creatures vanquished. Voluntary challenges: You had followed a strict vegan diet until turn 2986. You had followed a strict vegetarian diet until turn 2986. You were an atheist. You used a wielded weapon 133 times, starting on turn 14. You read items or engraved 36 times, starting on turn 917. You never genocided any monsters. You never polymorphed an object. You never changed form. You used no wishes. You never split a pudding. You wrote Elbereth's name 19 times, starting on turn 917. You violated your moral code, losing 10 points of alignment, starting on turn 2343. Dungeon overview: The Dungeons of Doom: levels 1 to 4 Level 1 a fountain a long staircase Level 2 a general store, some fountains Level 3 stairs to The Gnomish Mines Level 4 some fountains The Gnomish Mines: levels 4 to 6 Level 4 stairs to The Dungeons of Doom Level 5 Level 6 <- You were here a fountain History has recorded: On T:1 you entered the Dungeons of Doom to retrieve the Amulet of Yendor! On T:466 you reached level 2 of The Dungeons of Doom. On T:913 you reached level 3 of The Dungeons of Doom. On T:1508 you advanced to experience level 2. On T:1775 you advanced to experience level 3. On T:1838 you reached level 1 of The Gnomish Mines. On T:1974 you reached level 4 of The Dungeons of Doom. On T:2521 you advanced to experience level 4. On T:2972 you advanced to experience level 5. On T:3472 you reached level 2 of The Gnomish Mines. On T:3621 you reached level 3 of The Gnomish Mines. On T:3637 you advanced to experience level 6. Score breakdown: Gold: 190 ( 7759 points) Experience: 6 levels (12456 points) Exploration: 6 levels ( 13.04%) (10000 points) Discoveries: 12 items ( 4.04%) ( 6030 points) Valuables value: (no points given unless you survive) Artifact value: 0 ( 0 points) Variety of kills: 25 monsters ( 6.56%) ( 7684 points) Turncount: 3804 turns ( -950 points) Survival: died (score multiplied by 80%) Total score: 34383 Latest messages: O - 3 daggers (in quiver). The dagger misses the jaguar. You see here a dagger. O - a dagger (in quiver). You see here a historic statue of a gnome king. You hear a chugging sound. You hit the jaguar. The jaguar hits! (2x) The jaguar bites! You kill the jaguar! You see here a jaguar corpse. This jaguar corpse tastes terrible! You stop eating. You hear a door open. You engrave in the floor with a topaz stone. The raven bites! The raven blinds you! It bites! (3x) You die... Final status: Goodbye cannibale the Archeologist, killed by a raven, while engraving... You died in The Gnomish Mines on dungeon level 6 with 34383 points, and 190 pieces of gold, after 3804 moves. You were level 6 with a maximum of 35 hit points when you died.